 Dungeon Crawl Stone Soup version 0.21-a0-508-gf08a75f (webtiles) character file.

16 Ebonshard the Ducker (level 2, -6/25 HPs)
             Began as a Minotaur Gladiator on Nov 28, 2017.
             Mangled by a worm (10 damage)
             ... on level 2 of the Dungeon.
             The game lasted 00:34:37 (2488 turns).

Ebonshard the Ducker (Minotaur Gladiator)           Turns: 2488, Time: 00:34:37

Health: -6/25      AC:  3    Str: 18    XL:     2   Next: 37%
Magic:  1/1        EV: 13    Int:  5    God:
Gold:   86         SH:  0    Dex: 11    Spells: 1/1 levels left

rFire    . . .     SeeInvis .   a - +0 rapier
rCold    . . .     Gourm    .   (no shield)
rNeg     . . .     Faith    .   b - +0 leather armour
rPois    .         Spirit   .   c - +0 hat
rElec    .         Reflect  .   (no cloak)
rCorr    .         Harm     .   (no gloves)
MR       .....                  (no boots)
Stlth    +.........             (no amulet)
HPRegen  0.08/turn              (no ring)
MPRegen  0.07/turn              (no ring)

@: no status effects
A: retaliatory headbutt, horns 2
a: no special abilities


You were on level 2 of the Dungeon.
You were very full.

You visited 1 branch of the dungeon, and saw 2 of its levels.

You collected 86 gold pieces.

Inventory:

Hand Weapons
 a - a +0 rapier (weapon)
 h - a +0 whip
Missiles
 d - 3 throwing nets (quivered)
Armour
 b - a +0 leather armour (worn)
 c - a +0 hat (worn)
 g - a +0 chain mail
Scrolls
 e - 2 scrolls of magic mapping {unknown}
 f - 2 scrolls of remove curse {unknown}
 k - a scroll of identify {unknown}
 n - a scroll of immolation {unknown}
 o - a scroll of fog {unknown}
 p - a scroll of noise {unknown}
Potions
 j - a potion of agility {unknown}
 m - 2 potions of haste {unknown}
Comestibles
 i - a fruit
 l - a bread ration


   Skills:
 + Level 2.6 Fighting
 + Level 3.4 Short Blades
 + Level 2.1 Throwing
 + Level 0.3 Armour
 + Level 3.5 Dodging
 + Level 0.1 Stealth
 * Level 0.3 Spellcasting


You had one spell level left.
You didn't know any spells.

Dungeon Overview and Level Annotations

Branches:
Dungeon (2/15)

Altars:


Innate Abilities, Weirdness & Mutations

You reflexively headbutt those who attack you in melee.
You have a pair of horns on your head.


Message History

The kobold hits you with a short sword. The kobold hits you.
You closely miss the kobold. The kobold hits you.
The kobold hits you but does no damage.
You hit the kobold. Your headbutt misses the kobold.
The kobold is moderately wounded.
The kobold misses you. The kobold closely misses you.
You hit the kobold.
You kill the kobold!
The kobold barely misses you. The worm bites you! The worm bites you.
* * * LOW HITPOINT WARNING * * *
The kobold hits you but does no damage.
You closely miss the kobold. The kobold hits you with a short sword.
* * * LOW HITPOINT WARNING * * *
You puncture the kobold!
You kill the kobold!
The worm bites you!
You die...

......... #.......#
#.......## . #........#
..##...$....# .
............# .. #....w...#
..# #...@)...# ...# .. #.
#........###...# ..#..
#######........# ..#.# ###
#......#... ....# ..#
#......# ....#
###.######......#
##..#####..................#
..........##.#####........##
..†.....# ##.....)..........


You could see a worm.

Vanquished Creatures
  3 bats
  2 giant cockroaches
  A hobgoblin (D:1)
  4 kobolds
  A frilled lizard (D:1)
  3 rats
14 creatures vanquished.

Notes
Turn   | Place    | Note
-------+----------+-------------------------------------------
     0 | D:1      | Ebonshard the Minotaur Gladiator began the quest for the Orb.
     0 | D:1      | Reached XP level 1. HP: 18/18 MP: 0/0
  1629 | D:1      | Reached XP level 2. HP: 24/25 MP: 1/1
  2488 | D:2      | Mangled by a worm

Vault maps used:
D:1:      lightli_arrival_farm, minmay_ruptured
D:2:      guppyfry_early_lair_pool, uniq_jessica

Action                   || total
-------------------------++-------
Melee: Rapier            ||    33
       Headbutt          ||     3
Throw: Throwing net      ||     1
  Use: Potion            ||     1
  Eat: Meat ration       ||     2
       Bread ration      ||     1
Armor: Leather armour    ||    12
Dodge: Dodged            ||    30

Table legend:
 A = Spawn XP
 B = Non-spawn XP
 C = Spawn XP percentage of total XP
 D = Spawn monster count
 E = Non-spawn monster count
 F = Spawn count percentage of total count
 G = Total turns spent on level
                    A         B        C        D         E        F      G
               +---------+---------+-------+---------+---------+-------+---------
         Total |       0 |      23 |   0.0 |       0 |      14 |   0.0 |  2488
               +---------+---------+-------+---------+---------+-------+---------
           D:1 |       0 |      13 |   0.0 |       0 |       8 |   0.0 |  2384
           D:2 |       0 |      10 |   0.0 |       0 |       6 |   0.0 |   104
               +---------+---------+-------+---------+---------+-------+---------
